 Dungeon Crawl Stone Soup version 0.20-a0-927-g1ae2c61 (webtiles) character file.

1582 Felix the Poker (level 8, -13/60 HPs)
             Began as a Merfolk Skald on Mar 29, 2017.
             Mangled by Menkaure (21 damage)
             ... in an ossuary.
             The game lasted 00:39:21 (9645 turns).

Felix the Poker (Merfolk Skald)                     Turns: 9645, Time: 00:39:22

Health: -13/60     AC:  6    Str: 14    XL:     8   Next: 92%
Magic:  3/24       EV: 14    Int: 12    God:
Gold:   311        SH:  0    Dex: 13    Spells: 9/17 levels left

rFire    . . .     SeeInvis .   a - +0 spear
rCold    . . .     Gourm    .   (no shield)
rNeg     . . .     Faith    .   b - +0 leather armour
rPois    .         Spirit   .   (no helmet)
rElec    .         Reflect  .   (no cloak)
rCorr    .         Harm     .   (no gloves)
MR       +....                  t - +2 pair of boots
Stlth    ++........             (no amulet)
Regen    0.2/turn               s - ring of magical power
MPRegen  0.2/turn               h - ring of protection from magic

@: infused, very slightly contaminated
A: change form in water, swift swim, stealthy swim
a: no special abilities


You were in an ossuary.
You were near starving.

You visited 1 branch of the dungeon, and saw 6 of its levels.
You also visited: Ossuary.

You collected 311 gold pieces.

Inventory:

Hand Weapons
 a - a +0 spear (weapon)
 v - a +0 shortbow
Missiles
 i - 6 silver tomahawks (quivered)
 w - 20 arrows
Armour
 b - a +0 leather armour (worn)
 t - a +2 pair of boots (worn)
Jewellery
 e - an uncursed ring of flight
 h - a ring of protection from magic (right hand)
 l - an uncursed ring of wizardry
 q - an uncursed ring of protection from cold
 s - a ring of magical power (left hand)
Wands
 y - a wand of disintegration (15/24)
Scrolls
 g - a scroll of fog {unknown}
 j - a scroll of magic mapping {unknown}
 k - 2 scrolls of remove curse
 n - a scroll of teleportation {unknown}
 p - a scroll of fear
 r - a scroll of identify
 x - a scroll of recharging {unknown}
Books
 c - a book of Battle

   Spells                             Type                      Level
   a - Infusion                       Charms                       1
   b - Shroud of Golubria             Charms/Translocation         2
   c - Song of Slaying                Charms                       2
   d - Spectral Weapon                Hexes/Charms                 3
   e - Regeneration                   Charms/Necromancy            3
Comestibles
 d - a bread ration
 f - 2 meat rations
 m - 2 fruits


   Skills:
 + Level 4.0 Fighting
 * Level 6.9 Polearms
 + Level 2.5 Armour
 * Level 5.0 Dodging
 + Level 1.7 Stealth
 + Level 5.1 Spellcasting
 + Level 2.1 Hexes
 + Level 6.4 Charms
 + Level 1.4 Translocations


You had 9 spell levels left.
You knew the following spells:

 Your Spells              Type           Power        Failure   Level  Hunger
a - Infusion              Chrm           ###.         1%          1    None
b - Shroud of Golubria    Chrm/Tloc      ##........   10%         2    ##.....
c - Song of Slaying       Chrm           ###.....     2%          2    ##.....
d - Spectral Weapon       Hex/Chrm       ##......     14%         3    ###....


Dungeon Overview and Level Annotations

Branches:
Dungeon (6/15)
 Temple: D:4-7

Altars:
Elyvilon
Hepliaklqana
Qazlal
Uskayaw
Xom

Annotations:
Ossuary Menkaure


Message History

Your spectral weapon hits the mummy from afar.
The mummy completely misses you.
You barely miss the mummy.
The mummy is heavily damaged.
Your spectral weapon hits the mummy from afar.
Casting: Spectral Weapon
Confirm with . or Enter, or press ? or * to list all spells.
You renew your shroud.
The mummy hits you!
* * * LOW HITPOINT WARNING * * *
Your shroud falls apart!
You hit the mummy.
The mummy is almost destroyed.
Your spectral weapon barely misses the mummy.
You hit the mummy.
You destroy the mummy!
You completely miss Menkaure.
Menkaure is severely damaged.
Your spectral weapon hits Menkaure from afar.
Menkaure hits you!!
You die...

##..##..##..####..##..##..##
##..##..##..##??##..##..##.^##
##..##..##..##?.??##..##..##..##
#..##..##..##?..!.!##..##..##..##
..##..##..##..?∩∩?..##..##..##..#
.##..##..## ....?....##..##..##..
##..##..## ...?!.MM..##..##..##.
#..##..##############''##^.##..##
..##...........(@M......##..##..#
.##########################..##..
^....^.......^............^...##.
#################################
........................^^....^.^
#################################


You could see Menkaure and a friendly spectral spear.

Vanquished Creatures
  The ghost of Hasart the Sneak, an amateur KoAs (D:4)
  The ghost of aspa the Magician, an amateur OpWz (D:3)
  Sigmund (D:4)
  A sky beast (D:5)
  An ogre (D:4)
  2 phantoms
  A centaur (D:5)
  3 scorpions
  A crimson imp (D:5)
  A hound (D:3)
  3 orc wizards (D:5)
  An orc priest (D:5)
  An iguana (D:5)
  5 worker ants
  2 mummies (Ossuary)
  4 adders
  2 adder skeletons (D:4)
  A worm (D:2)
  4 dart slugs
  2 leopard geckos
  11 orcs
  A ball python (D:5)
  8 bats
  15 giant cockroaches
  9 goblins
  14 hobgoblins
  11 jackals
  5 kobolds
  2 quokkas
  5 frilled lizards
  2 gnoll skeletons (Ossuary)
  A gnoll zombie (Ossuary)
  4 goblin skeletons (Ossuary)
  3 goblin zombies (Ossuary)
  4 hobgoblin skeletons (Ossuary)
  A hobgoblin zombie (Ossuary)
  A jackal skeleton (D:5)
  2 kobold skeletons (Ossuary)
  4 orc skeletons (Ossuary)
  3 orc zombies (Ossuary)
  A quokka skeleton (D:3)
  8 rats
  A rat skeleton (Ossuary)
  2 rat zombies (Ossuary)
  A fungus (D:4)
157 creatures vanquished.

Vanquished Creatures (others)
  A mummy (Ossuary)
  2 gnoll skeletons (Ossuary)
  3 gnoll zombies (Ossuary)
  8 goblin zombies (Ossuary)
  2 kobold zombies (Ossuary)
  4 orc skeletons (Ossuary)
  An orc zombie (Ossuary)
  2 rat skeletons (Ossuary)
  A rat zombie (Ossuary)
  2 spectral weapons (Ossuary)
26 creatures vanquished.

Grand Total: 183 creatures vanquished

Notes
Turn   | Place    | Note
-------+----------+-------------------------------------------
     0 | D:1      | Felix the Merfolk Skald began the quest for the Orb.
     0 | D:1      | Reached XP level 1. HP: 16/16 MP: 3/3
   484 | D:1      | Reached XP level 2. HP: 16/22 MP: 3/5
   563 | D:1      | Learned a level 2 spell: Shroud of Golubria
   566 | D:1      | Learned a level 2 spell: Song of Slaying
  1356 | D:1      | Reached XP level 3. HP: 27/27 MP: 6/6
  2121 | D:2      | Found a shadowy altar of Dithmenos.
  2124 | D:2      | Found a shimmering altar of Xom.
  2124 | D:2      | Found a hazy altar of Hepliaklqana.
  2130 | D:2      | Found a stormy altar of Qazlal.
  2130 | D:2      | Found a white marble altar of Elyvilon.
  2130 | D:2      | Found a stormy altar of Qazlal.
  2447 | D:2      | Reached skill level 1 in Armour
  2595 | D:2      | Reached XP level 4. HP: 33/33 MP: 2/8
  3542 | D:3      | Noticed aspa's ghost (amateur OpWz)
  3748 | D:3      | Learned a level 3 spell: Spectral Weapon
  3868 | D:4      | Noticed Hasart's ghost (amateur KoAs)
  4239 | D:4      | Reached XP level 5. HP: 34/39 MP: 3/9
  4993 | D:3      | Found a hide-covered altar of Uskayaw.
  5067 | D:4      | Reached XP level 6. HP: 27/46 MP: 1/10
  5260 | D:4      | Reached skill level 1 in Translocations
  5379 | D:4      | Reached skill level 1 in Stealth
  5413 | D:3      | Killed aspa's ghost
  5413 | D:3      | Reached XP level 7. HP: 22/52 MP: 1/12
  5885 | D:4      | Noticed Sigmund
  5978 | D:4      | Reached skill level 5 in Polearms
  6432 | D:4      | Killed Sigmund
  6432 | D:4      | Reached skill level 5 in Charms
  6550 | D:5      | Entered Level 5 of the Dungeon
  6769 | D:5      | Reached skill level 1 in Hexes
  6955 | D:5      | Found a white marble altar of Elyvilon.
  6978 | D:5      | Reached XP level 8. HP: 58/58 MP: 1/14
  7541 | D:4      | Found a stormy altar of Qazlal.
  7543 | D:4      | Noticed an air elemental
  7544 | D:4      | Noticed a water elemental
  7579 | D:4      | Killed Hasart's ghost
  7695 | D:4      | Found a hazy altar of Hepliaklqana.
  8833 | D:5      | Reached skill level 5 in Spellcasting
  9294 | D:6      | Found a sand-covered staircase.
  9300 | Ossuary  | Entered an ossuary
  9333 | Ossuary  | Reached skill level 5 in Dodging
  9613 | Ossuary  | Noticed Menkaure
  9645 | Ossuary  | Mangled by Menkaure

Vault maps used:
D:1:      doesnt_arrival_goblin_jail
D:2:      serial_curves, eino_curves_02, eino_curves_01, doesnt_xom_only_xom
D:3:      minmay_roachtagon, old_standard_altar, first_bread
D:4:      lemuel_round_altar, nicolae_qazlal_style_of_elements,
          minmay_gold_behind_fungi, uniq_sigmund
D:5:      kennysheep_little_box, serial_glass, glass_columns_a, glass_columns_b,
          glass_columns_a, glass_columns_c, due_unseen_surprise,
          minmay_strange_pillars, feat_on_display, feat_on_display
D:6:      gup_ossuary_entry_pyramid
Ossuary:  ossuary_due_pyramid

Skill      XL: |  1  2  3  4  5  6  7  8 |
---------------+-------------------------+-----
Armour         | 1 2 |  2.5
Charms         | 4 5 6 |  6.4
Dodging        | 3 4 5 |  5.0
Spellcasting   | 3 4 5 |  5.1
Polearms       | 4 5 6 |  6.9
Translocations | 1 |  1.4
Stealth        | 1 |  1.7
Fighting       | 3 4 |  4.0
Hexes          | 1 2 |  2.1

Action                   |  1- 3 |  4- 6 |  7- 9 || total
-------------------------+-------+-------+-------++-------
Melee: Spear             |   162 |   212 |   280 ||   654
 Cast: Infusion          |    32 |    19 |    28 ||    79
       Shroud of Golubri |     5 |    10 |    19 ||    34
       Song of Slaying   |     1 |     5 |     5 ||    11
       Spectral Weapon   |       |     2 |    27 ||    29
  Use: Scroll            |       |     4 |     2 ||     6
       Potion            |       |     3 |     2 ||     5
 Stab: Sleeping          |     2 |       |     1 ||     3
       Distracted        |       |       |     4 ||     4
  Eat: Chunk             |     7 |    10 |    10 ||    27
       Royal jelly       |       |       |     1 ||     1
       Bread ration      |       |       |     1 ||     1
Armor: Leather armour    |    29 |    44 |    42 ||   115
Dodge: Dodged            |    78 |   129 |   127 ||   334
